Map: Ruins of Endion

Players

LiquidTLO (TLO)

  • Race: Zerg Zerg
  • League: Grandmaster

HaNfy - Winner!

  • Race: Zerg Zerg
  • League: Grandmaster

VOD

Have the link to the VOD?

Description

Time

  • Played on: July 3, 2016, 3 p.m.
  • Length: 9:56
Show
View Real Time Build Order
Export as new Build Order

LiquidTLO Zerg 

Build Orders: Hatch First 

Get SALT Encoding   

  12  0:01  Drone  
  13  0:13  Overlord  
  13  0:17  Drone  
  14  0:31  Drone  
  14  0:32  Drone  
  16  0:38  Drone  
  17  0:52  Hatchery  
  17  0:55  Drone  
  17  1:08  Spawning Pool  
  16  1:11  Drone  
  16  1:14  Extractor  
  16  1:15  Drone  
  17  1:19  Drone  
  18  1:28  Drone  
  19  1:40  Overlord  
  19  1:55  Queen  
  19  1:56  Zergling x2  
  19  2:01  Drone  
  23  2:04  Queen, Drone  
  26  2:12  Drone  
  26  2:14  Drone  
  28  2:22  Drone  
  29  2:25  Drone  
  30  2:33  Overlord  
  30  2:36  Lair, Drone  
  31  2:44  Evolution Chamber  
  31  2:45  Drone  
  31  2:47  Drone  
  31  2:50  Extractor  
  31  2:52  Roach Warren  
  31  2:55  Drone  
  31  2:59  Drone  
  32  3:06  Drone  
  32  3:07  Overlord  
  32  3:09  Drone x2  
  35  3:13  Zerg Missile Weapons Level 1  
  35  3:18  Zergling x2  
  36  3:23  Drone  
  36  3:24  Overlord, Drone  
  38  3:33  Glial Reconstitution  
  38  3:35  Drone  
  38  3:36  Roach  
  38  3:37  Roach  
  43  3:44  Overlord  
  45  3:48  Roach  
  45  3:49  Roach  
  45  3:53  Roach  
  45  3:54  Drone  
  50  3:56  Overlord  
  50  4:00  Roach  
  50  4:02  Roach  
  54  4:06  Roach  
  54  4:09  Roach  
  58  4:11  Roach  
  58  4:14  Roach  
  62  4:18  Roach  
  64  4:25  Roach  
  64  4:28  Roach  
  64  4:30  Overlord  
  68  4:31  Drone  
  68  4:32  Roach  
  68  4:35  Overlord  
  68  4:38  Roach  
  73  4:43  Overlord  
  73  4:46  Roach  
  73  4:51  Drone  
  76  4:54  Drone  
  76  4:55  Roach  
  76  4:56  Roach  
  79  5:09  Hatchery  
  79  5:10  Roach  
  79  5:12  Roach  
  74  5:15  Roach  
  74  5:20  Drone x2  
  74  5:21  Extractor  
  73  5:32  Zerg Missile Weapons Level 2  
  73  5:33  Drone x4  
  77  5:37  Overlord  
  77  5:43  Overlord  
  77  5:45  Roach  
  79  5:50  Overseer  
  79  5:51  Roach  
  79  5:54  Roach  
  79  5:55  Drone  
  84  5:57  Extractor  
  84  6:01  Roach  
  84  6:02  Roach  
  87  6:05  Roach  
  87  6:08  Roach  
  91  6:15  Overlord  
  91  6:16  Roach  
  91  6:19  Roach x2  
  91  6:22  Roach  
  91  6:24  Roach  
  91  6:32  Roach  
  91  6:33  Roach x3  
  95  6:45  Drone x2  
  97  6:50  Queen, Drone x2  
  101  6:57  Ravager x3  
  101  7:00  Drone  
  105  7:02  Overlord  
  105  7:04  Drone x7  
  105  7:07  Drone  
  113  7:08  Roach  
  113  7:12  Ravager  
  113  7:14  Roach  
  120  7:15  Roach  
  120  7:20  Roach  
  120  7:22  Extractor, Roach  
  124  7:26  Roach x2  
  124  7:29  Roach  
  129  7:36  Drone  
  130  7:37  Extractor  
  130  7:40  Overlord  
  130  7:43  Spore Crawler  
  128  7:44  Spore Crawler  
  128  7:45  Spore Crawler  
  128  7:47  Spore Crawler  
  128  7:49  Hydralisk Den  
  124  7:58  Queen  
  124  7:59  Overlord, Spore Crawler  
  124  8:04  Overlord  
  125  8:06  Overlord  
  125  8:10  Overlord  
  125  8:13  Spore Crawler  
  120  8:20  Muscular Augments  
  120  8:21  Hydralisk  
  120  8:25  Hydralisk  
  124  8:28  Hydralisk  
  124  8:32  Hydralisk  
  128  8:36  Hydralisk  
  128  8:40  Hydralisk  
  132  8:43  Hydralisk  
  132  8:46  Hydralisk  
  134  8:50  Hydralisk  
  134  8:53  Hydralisk  
  118  8:57  Hydralisk  
  118  8:59  Roach  
  103  9:04  Roach  
  103  9:05  Roach  
  103  9:08  Roach  
  82  9:11  Roach  
  82  9:15  Roach  
  71  9:18  Roach  
Show
View Real Time Build Order
Export as new Build Order

HaNfy Zerg - Winner!

Build Orders: Hatch First 

Get SALT Encoding   

  12  0:01  Drone  
  13  0:08  Drone  
  14  0:17  Overlord  
  14  0:22  Extractor, Drone  
  16  0:35  Drone x2  
  17  0:52  Hatchery  
  17  0:56  Drone  
  17  1:07  Spawning Pool  
  16  1:11  Drone  
  16  1:14  Drone  
  16  1:17  Extractor  
  17  1:19  Drone  
  18  1:27  Drone  
  19  1:38  Overlord  
  19  1:54  Queen  
  19  1:55  Drone  
  22  2:03  Queen, Drone  
  22  2:04  Drone  
  26  2:11  Zergling x2  
  26  2:15  Zergling x2  
  28  2:25  Drone  
  28  2:26  Zergling x2  
  30  2:30  Queen  
  30  2:34  Overlord  
  32  2:39  Queen  
  32  2:43  Overlord  
  34  2:48  Drone x2  
  36  2:55  Drone  
  37  3:05  Drone x4  
  42  3:12  Drone  
  42  3:13  Drone x4  
  46  3:24  Roach Warren  
  46  3:25  Extractor x2  
  43  3:28  Lair  
  43  3:32  Extractor, Drone  
  43  3:38  Evolution Chamber  
  43  3:40  Drone x3  
  45  3:42  Drone  
  46  3:50  Drone x3  
  46  3:51  Drone x2  
  51  4:02  Drone  
  52  4:03  Overlord x2  
  52  4:06  Zerg Missile Weapons Level 1  
  52  4:13  Overlord  
  52  4:14  Overlord  
  52  4:18  Overlord  
  52  4:26  Roach x3  
  52  4:29  Roach  
  60  4:33  Glial Reconstitution  
  60  4:35  Roach  
  60  4:37  Roach  
  64  4:41  Roach x2  
  68  4:47  Roach  
  68  4:48  Roach  
  68  4:52  Roach x2  
  76  4:55  Roach  
  76  4:57  Roach  
  80  5:00  Roach  
  80  5:06  Roach x2  
  75  5:16  Roach x2  
  75  5:19  Roach  
  79  5:22  Roach x3  
  79  5:23  Roach  
  79  5:26  Roach  
  89  5:30  Drone x2  
  89  5:31  Drone  
  92  5:36  Overlord  
  92  5:45  Hatchery  
  92  5:49  Overlord  
  91  5:50  Drone  
  92  6:00  Spire  
  92  6:01  Drone  
  92  6:10  Roach  
  92  6:11  Roach x3  
  90  6:26  Drone x3  
  90  6:27  Drone  
  94  6:50  Drone x4  
  98  7:09  Zerg Missile Weapons Level 2  
  98  7:11  Mutalisk  
  98  7:12  Mutalisk x6  
  98  7:15  Drone x2  
  114  7:19  Overlord x3, Extractor  
  114  7:20  Extractor  
  112  7:28  Mutalisk  
  114  7:32  Zerg Flyer Weapons Level 1  
  114  7:35  Overlord x2  
  114  7:44  Roach x5  
  124  7:54  Roach x3  
  124  7:57  Drone x2  
  132  8:15  Roach  
  132  8:16  Roach x8  
  150  8:27  Roach x2  
  150  8:30  Overlord  
  150  8:31  Overlord x2  
  148  8:52  Roach x10  
  134  9:08  Roach x5  
  99  9:31  Roach  
  99  9:32  Roach x6  
Tags
 
Add a new tag
Caveats
  • Supply blocks, unpowered buildings, or Contaminate may cause inaccurate times.
  • Supply counts are checked every 10 seconds.